 Dungeon Crawl Stone Soup version 0.29.0-4-gdea44cf6ec (webtiles) character file.

Game seed: 7526329078984558362

21644 qw the Severer (level 12, -2/110 HPs)
             Began as a Minotaur Berserker on Sept 9, 2022.
             Was an Elder of Trog.
             Killed from afar by an electric eel (4 damage)
             ... with a bolt of electricity
             ... while petrified by a basilisk
             ... on level 5 of the Lair of Beasts.
             The game lasted 00:04:40 (15492 turns).

qw the Severer (Minotaur Berserker)                Turns: 15492, Time: 00:04:40

Health: -2/110     AC: 27    Str: 27    XL:     12   Next: 56%
Magic:  11/11      EV:  2    Int:  4    God:    Trog [****..]
Gold:   801        SH:  0    Dex: 10    Spells: 11/11 levels left

rFire   + . .      SeeInvis +   Y - +0 broad axe (protect)
rCold   + . .      Faith    .   l - +0 kite shield
rNeg    + + +      Spirit   .   k - +0 chain mail
rPois   inf        Reflect  .   q - +2 hat
rElec   .          Harm     .   (no cloak)
rCorr   .          Rampage  .   j - +1 pair of gloves
Will    .....                   o - +2 pair of boots
Stlth   ..........              (no amulet)
HPRegen 0.28/turn               d - ring of protection from cold
MPRegen 0.12/turn               h - ring of see invisible

@: about to teleport, petrified, under a protective aura, on berserk cooldown,
slowed
A: horns 2, retaliatory headbutt, iridescent scales 1, fire resistance 1
a: Renounce Religion, Berserk, Trog's Hand, Brothers in Arms


You were on level 5 of the Lair of Beasts.
You worshipped Trog.
Trog was greatly pleased with you.
You visited 2 branches of the dungeon, and saw 13 of its levels.
You also visited: Sewer.

You collected 801 gold pieces.


Innate Abilities, Weirdness & Mutations

You have a pair of horns on your head.
You reflexively headbutt those who attack you in melee.
You are partially covered in iridescent scales. (AC +2)
Your flesh is heat resistant. (rF+)


   Skills:
 - Level 11.0 Fighting
 - Level 18.0 Axes
 - Level 3.3 Throwing
 + Level 8.7 Armour
 - Level 4.0 Dodging
 - Level 12.1 Shields


You had 11 spell levels left.
You didn't know any spells.
Your spell library was empty.

Inventory:

Hand Weapons
 f - a +0 morningstar
 Y - a +0 broad axe of protection (weapon)
Missiles
 i - 2 boomerangs (quivered)
Armour
 b - a +0 ring mail of fire resistance
 j - a +1 pair of gloves (worn)
 k - a +0 chain mail (worn)
 l - a +0 kite shield (worn)
 o - a +2 pair of boots (worn)
 q - a +2 hat (worn)
Jewellery
 d - a ring of protection from cold (left hand)
 h - a ring of see invisible (right hand)
 r - a ring of see invisible
Scrolls
 c - 5 scrolls of identify
Potions
 a - a potion of haste
 e - 7 potions of curing
 m - 2 potions of cancellation
 p - 2 potions of might

Dungeon Overview and Level Annotations

Branches:
Dungeon (8/15)             Temple (0/1) D:4            Lair (4/5) D:8
 Shoals (0/4) Lair:2       Spider (0/4) Lair:3        Sewer (visited)
  Slime: Lair:4-5

Altars:
Kikubaaqudgha
Ru
Trog
Uskayaw
Vehumet
Xom
Zin
The Shining One


Message History

15489 ||| DRINKING potion of heal wounds.
You feel much better.
Your surroundings suddenly seem different.
A basilisk, 3 electric eels, a cane toad and a water moccasin come into view.
Found five items.
Found an escape hatch in the ceiling.
The basilisk hisses angrily.
The cane toad gives a loud, deep croak!
The water moccasin hisses angrily.
You block the cane toad's attack.
The cane toad stings you but does no damage.
The basilisk gazes at you. You resist with some effort.
The electric eel shoots out a bolt of lightning at you!
The bolt of electricity hits you.
The electric eel shoots out a bolt of lightning at you!
The bolt of electricity hits you.
Enter note: You hit the cane toad but do no damage.
The cane toad stings you!
The electric eel shoots out a bolt of lightning at you!
The bolt of electricity hits you! The basilisk gazes at you.
You are slowing down.
The water moccasin bites you but does no damage.
You block the cane toad's attack.
15491 ||| READING scroll of teleportation.
As you read the scroll of teleportation, it crumbles to dust.
You feel strangely unstable. You block the water moccasin's attack.
The cane toad stings you! You block the water moccasin's attack.
The cane toad stings you but does no damage.
The electric eel shoots out a bolt of lightning at you!
The bolt of electricity hits you!
The electric eel shoots out a bolt of lightning at you!
The bolt of electricity hits you. You block the water moccasin's attack.
You have turned to stone.
The cane toad stings you.
The water moccasin bites you but does no damage.
The electric eel shoots out a bolt of lightning at you!
The bolt of electricity hits you!
You die...

P. .. .~~~.....
.. ~<~...... .?
.)~.....## .
)lS......## .
S~S....... .
~~?...... ...
.......F##....#
.......@....#
........S.....#
....#.#......##
... #####....#
. ....# .....P
..... .....


You could see a cane toad, a basilisk, a water moccasin and 3 electric eels.

Vanquished Creatures
  A salamander (Lair:3)
  7 black mambas
  Joseph (D:7)
  6 cane toads
  A kobold demonologist (D:8)
  4 rime drakes
  Maggie (D:7)
  5 komodo dragons
  A polar bear (Lair:2)
  Grinder (Sewer)
  A hornet (D:8)
  4 blink frogs (Lair:3)
  3 wyverns
  4 culicivoras (Lair:3)
  Grum (Lair:1)
  18 yaks
  2 basilisks
  2 steam dragons
  A fire elemental (Lair:2)
  Edmund (D:6)
  9 water moccasins
  A sky beast (D:6)
  Duvessa (D:4)
  3 orc warriors
  4 black bears
  2 ogres (D:7)
  8 wolves (Lair:1)
  6 centaurs
  A phantom (D:6)
  2 kobold brigands
  12 bullfrogs
  4 necrophages
  2 scorpions
  A gnoll sergeant (D:7)
  10 wights
  Dowan (D:4)
  2 electric eels (Lair:2)
  A crimson imp (D:5)
  3 orc priests
  5 hounds
  2 jellies
  Ijyb (D:3)
  3 iguanas
  4 orc wizards
  7 hell rats (Lair:2)
  9 gnolls
  9 adders
  A river rat (D:5)
  3 shadow imps
  4 ufetubi
  2 adder zombies (Sewer)
  A worm (D:3)
  A dart slug (D:3)
  32 orcs
  6 endoplasms
  6 giant cockroaches
  6 goblins
  8 hobgoblins
  5 jackals (D:2)
  32 kobolds
  2 quokkas
  9 ball pythons
  5 bats
  6 frilled lizards
  3 goblin skeletons (D:5)
  2 goblin zombies (D:5)
  3 hobgoblin zombies (D:5)
  A kobold skeleton (D:5)
  2 kobold zombies (D:5)
  An orc zombie (D:5)
  6 rats
325 creatures vanquished.

Vanquished Creatures (others)
  A human (D:8)
  14 fungi
  54 plants
69 creatures vanquished.

Grand Total: 394 creatures vanquished

Notes
Turn   | Place    | Note
-------+----------+-------------------------------------------
     0 | D:1      | qw the Minotaur Berserker began the quest for the Orb.
     0 | D:1      | Reached XP level 1. HP: 19/19 MP: 0/0
     0 | D:1      | 0 ||| qw: Version: 0.1-a-113-g051387a
     0 | D:1      | 0 ||| qw: Game counter: 7090
     0 | D:1      | 0 ||| qw: Always use a shield: true
     0 | D:1      | 0 ||| qw: Do Orc after D:15 true
     0 | D:1      | 0 ||| qw: Do second Lair branch before Depths: true
     0 | D:1      | 0 ||| qw: Lair rune preference: random
     0 | D:1      | 0 ||| qw: Plans: Normal
     0 | D:1      | 0 ||| PLANNING D:1-11
    32 | D:1      | 32 ||| Stepping ~*~*~tactically~*~*~ (stealth).
    33 | D:1      | 33 ||| Stepping ~*~*~tactically~*~*~ (stealth).
    43 | D:1      | 43 ||| Stepping ~*~*~tactically~*~*~ (stealth).
   138 | D:1      | Reached skill level 4 in Axes
   200 | D:1      | 200 ||| INVOKING Berserk.
   478 | D:1      | Reached XP level 2. HP: 22/26 MP: 1/1
  1466 | D:1      | Reached skill level 5 in Axes
  1506 | D:1      | 1506 ||| UPGRADING to +0 pair of gloves.
  1511 | D:1      | 1511 ||| READING scroll labelled YFEJUR BIMU.
  1512 | D:1      | 1512 ||| READING scroll labelled ZIBIRCH QARAZE.
  1513 | D:1      | 1513 ||| DRINKING 2 white potions.
  1608 | D:2      | You fall into a shaft and drop 2 floors!
  1617 | D:4      | 1617 ||| Stepping ~*~*~tactically~*~*~ (stealth).
  1618 | D:4      | 1618 ||| Stepping ~*~*~tactically~*~*~ (stealth).
  1622 | D:4      | Found a staircase to the Ecumenical Temple.
  1623 | D:4      | 1623 ||| Stepping ~*~*~tactically~*~*~ (stealth).
  1625 | D:4      | 1625 ||| Stepping ~*~*~tactically~*~*~ (stealth).
  1626 | D:4      | 1626 ||| Stepping ~*~*~tactically~*~*~ (stealth).
  1633 | D:4      | Reached XP level 3. HP: 27/31 MP: 2/2
  1889 | D:4      | Noticed a scorpion
  1895 | D:4      | 1895 ||| INVOKING Berserk.
  1896 | D:4      | Killed a scorpion
  1897 | D:4      | Reached skill level 6 in Axes
  1897 | D:4      | Reached XP level 4. HP: 27/39 MP: 3/3
  2089 | D:4      | 2089 ||| INVOKING Berserk.
  2094 | D:4      | HP: 9/39 [poisoned by a kobold]
  2098 | D:4      | HP: 3/39 [poisoned by a kobold]
  2368 | D:4      | 2368 ||| SWAPPING to +0 broad axe.
  2369 | D:4      | 2369 ||| DROPPING +0 hand axe.
  2375 | D:4      | Found a radiant altar of Vehumet.
  2416 | D:4      | 2416 ||| READING scroll labelled EWECOT RIEH.
  2417 | D:4      | 2417 ||| READING scroll labelled ROLEVO SISS.
  2453 | D:3      | 2453 ||| UPGRADING to +0 ring mail.
  2463 | D:3      | 2463 ||| DROPPING +0 animal skin.
  2551 | D:2      | Reached ** piety under Trog
  2614 | D:2      | Found a faded altar of an unknown god.
  2741 | D:2      | 2741 ||| Stepping ~*~*~tactically~*~*~ (stealth).
  2746 | D:2      | 2746 ||| Stepping ~*~*~tactically~*~*~ (stealth).
  3296 | D:2      | Reached XP level 5. HP: 27/45 MP: 4/4
  3469 | D:2      | 3469 ||| UPGRADING to +0 ring mail of fire resistance.
  3479 | D:2      | 3479 ||| DROPPING +0 ring mail.
  3480 | D:2      | 3480 ||| UPGRADING to +0 chain mail.
  3490 | D:2      | 3490 ||| READING scroll labelled MAEMANKEQU.
  3491 | D:2      | 3491 ||| READING scroll labelled HEAHADUOQY.
  3693 | D:3      | Noticed Ijyb
  3694 | D:3      | 3694 ||| INVOKING Berserk.
  3698 | D:3      | Killed Ijyb
  3699 | D:3      | Reached skill level 7 in Axes
  3752 | D:3      | 3752 ||| Stepping ~*~*~tactically~*~*~ (stealth).
  3763 | D:3      | 3763 ||| Stepping ~*~*~tactically~*~*~ (stealth).
  3922 | D:3      | 3922 ||| Stepping ~*~*~tactically~*~*~ (hiding).
  4080 | D:3      | Found a hide-covered altar of Uskayaw.
  4213 | D:3      | 4213 ||| INVOKING Berserk.
  4239 | D:3      | 4239 ||| Stepping ~*~*~tactically~*~*~ (stealth).
  4241 | D:3      | HP: 10/46 [gnoll/+0 flail (11)]
  4242 | D:3      | 4242 ||| DRINKING 2 potions of heal wounds.
  4379 | D:3      | 4379 ||| DROPPING +0 whip.
  4572 | D:3      | 4572 ||| DRINKING 3 coppery potions.
  4573 | D:3      | 4573 ||| DRINKING 2 green potions.
  4574 | D:3      | 4574 ||| DRINKING 2 inky potions.
  4604 | D:3      | 4604 ||| DROPPING 2 potions of magic.
  4605 | D:3      | 4605 ||| DROPPING potion of lignification.
  4628 | D:4      | 4628 ||| STAIRDANCE
  4647 | D:4      | Reached skill level 8 in Axes
  4647 | D:4      | Reached XP level 6. HP: 48/52 MP: 5/5
  4671 | D:4      | 4671 ||| Stepping ~*~*~tactically~*~*~ (stealth).
  4923 | D:4      | Noticed Dowan
  4923 | D:4      | Noticed Duvessa
  4926 | D:4      | 4926 ||| INVOKING Berserk.
  4930 | D:4      | Killed Duvessa
  4931 | D:4      | Reached skill level 9 in Axes
  4932 | D:4      | Killed Dowan
  4933 | D:4      | Reached skill level 3 in Armour
  4933 | D:4      | Reached XP level 7. HP: 59/59 MP: 6/6
  5298 | D:4      | 5298 ||| UPGRADING to ring of protection from cold.
  5315 | D:5      | Entered Level 5 of the Dungeon
  5315 | D:5      | Found a glowing drain.
  5316 | D:5      | 5316 ||| PLANNING SEWER
  5317 | D:5      | 5317 ||| STAIRDANCE
  5319 | D:5      | 5319 ||| STAIRDANCE
  5328 | D:5      | Reached *** piety under Trog
  5399 | Sewer    | Entered a sewer
  5527 | Sewer    | 5527 ||| Stepping ~*~*~tactically~*~*~ (stealth).
  5626 | Sewer    | Found an ancient bone altar of Kikubaaqudgha.
  5754 | Sewer    | Reached skill level 10 in Axes
  5880 | Sewer    | Noticed Grinder
  5881 | Sewer    | 5881 ||| Stepping ~*~*~tactically~*~*~ (hiding).
  5882 | Sewer    | 5882 ||| Stepping ~*~*~tactically~*~*~ (hiding).
  5883 | Sewer    | 5883 ||| Stepping ~*~*~tactically~*~*~ (hiding).
  5884 | Sewer    | 5884 ||| Stepping ~*~*~tactically~*~*~ (hiding).
  5886 | Sewer    | 5886 ||| Stepping ~*~*~tactically~*~*~ (hiding).
  5894 | Sewer    | 5894 ||| Stepping ~*~*~tactically~*~*~ (stealth).
  5895 | Sewer    | 5895 ||| Stepping ~*~*~tactically~*~*~ (stealth).
  5896 | Sewer    | 5896 ||| Stepping ~*~*~tactically~*~*~ (stealth).
  5944 | Sewer    | 5944 ||| INVOKING Trog's Hand.
  5946 | Sewer    | 5946 ||| Stepping ~*~*~tactically~*~*~ (hiding).
  5948 | Sewer    | 5948 ||| INVOKING Berserk.
  5952 | Sewer    | Killed Grinder
  5953 | Sewer    | Reached skill level 3 in Throwing
  5953 | Sewer    | Reached XP level 8. HP: 68/68 MP: 7/7
  6082 | Sewer    | 6082 ||| DRINKING 2 bubbling amethyst potions.
  6083 | Sewer    | 6083 ||| DRINKING 2 silvery potions.
  6084 | Sewer    | 6084 ||| DRINKING 2 metallic green potions.
  6084 | Sewer    | Gained mutation: Armour fits poorly on your strangely
                  | shaped body. [potion of mutation]
  6085 | Sewer    | 6085 ||| DRINKING potion of mutation.
  6085 | Sewer    | Lost mutation: Armour fits poorly on your strangely shaped
                  | body. [potion of mutation]
  6085 | Sewer    | Gained mutation: You are partially covered in iridescent
                  | scales. (AC +2) [potion of mutation]
  6085 | Sewer    | Gained mutation: Your flesh is heat resistant. (rF+)
                  | [potion of mutation]
  6086 | Sewer    | 6086 ||| DRINKING 2 lumpy puce potions.
  6087 | Sewer    | 6087 ||| DRINKING 3 dark potions.
  6088 | Sewer    | 6088 ||| DROPPING potion of brilliance.
  6089 | Sewer    | 6089 ||| DROPPING potion of attraction.
  6093 | D:5      | 6093 ||| PLANNING D:1-11
  6163 | D:5      | 6163 ||| INVOKING Berserk.
  6230 | D:5      | Reached skill level 6 in Fighting
  6256 | D:5      | 6256 ||| Stepping ~*~*~tactically~*~*~ (hiding).
  6267 | D:5      | 6267 ||| Stepping ~*~*~tactically~*~*~ (stealth).
  6272 | D:5      | Found a glowing golden altar of the Shining One.
  6275 | D:5      | 6275 ||| Stepping ~*~*~tactically~*~*~ (stealth).
  6277 | D:5      | 6277 ||| Stepping ~*~*~tactically~*~*~ (stealth).
  6279 | D:5      | 6279 ||| Stepping ~*~*~tactically~*~*~ (stealth).
  6447 | D:5      | Reached **** piety under Trog
  6752 | D:5      | 6752 ||| READING scroll labelled HUVVEB DUJYFI.
  6756 | D:5      | 6756 ||| READING 2 scrolls labelled ANAEQI GAODGH.
  6757 | D:5      | 6757 ||| READING 2 scrolls of identify.
  6757 | D:5      | 6757 ||| IDENTIFYING fizzy cyan potion
  6758 | D:5      | 6758 ||| DROPPING potion of flight.
  6759 | D:5      | 6759 ||| DROPPING scroll of magic mapping.
  6790 | D:6      | 6790 ||| STAIRDANCE
  6903 | D:6      | 6903 ||| STAIRDANCE
  6905 | D:5      | 6905 ||| INVOKING Berserk.
  6906 | D:5      | Reached skill level 11 in Axes
  7013 | D:6      | 7013 ||| STAIRDANCE
  7085 | D:6      | 7085 ||| INVOKING Berserk.
  7107 | D:6      | 7107 ||| FLEEEEING.
  7109 | D:6      | 7109 ||| FLEEEEING.
  7110 | D:6      | 7110 ||| FLEEEEING.
  7111 | D:6      | 7111 ||| STAIRDANCE
  7212 | D:6      | 7212 ||| DROPPING +0 flail.
  7301 | D:6      | 7301 ||| INVOKING Berserk.
  7531 | D:6      | Reached skill level 12 in Axes
  7628 | D:6      | Found a bloodstained altar of Trog.
  7701 | D:6      | Reached XP level 9. HP: 73/75 MP: 8/8
  7743 | D:6      | Found a sacrificial altar of Ru.
  7864 | D:6      | Noticed Edmund
  7865 | D:6      | 7865 ||| Stepping ~*~*~tactically~*~*~ (hiding).
  7868 | D:6      | 7868 ||| DRINKING 2 potions of cancellation.
  7869 | D:6      | 7869 ||| INVOKING Berserk.
  7881 | D:6      | Killed Edmund
  8053 | D:6      | 8053 ||| READING 5 scrolls of identify.
  8053 | D:6      | 8053 ||| IDENTIFYING fizzy inky potion
  8054 | D:6      | 8054 ||| DRINKING potion of experience.
  8054 | D:6      | Reached skill level 17 in Axes
  8054 | D:6      | Reached XP level 10. HP: 86/86 MP: 9/9
  8055 | D:6      | 8055 ||| READING 4 scrolls of identify.
  8055 | D:6      | 8055 ||| IDENTIFYING sedimented white potion
  8056 | D:6      | 8056 ||| DROPPING potion of invisibility.
  8089 | D:7      | 8089 ||| Stepping ~*~*~tactically~*~*~ (hiding).
  8120 | D:7      | 8120 ||| Stepping ~*~*~tactically~*~*~ (stealth).
  8123 | D:7      | 8123 ||| Stepping ~*~*~tactically~*~*~ (stealth).
  8128 | D:7      | 8128 ||| Stepping ~*~*~tactically~*~*~ (stealth).
  8130 | D:7      | 8130 ||| Stepping ~*~*~tactically~*~*~ (stealth).
  8132 | D:7      | 8132 ||| Stepping ~*~*~tactically~*~*~ (stealth).
  8158 | D:7      | Noticed Joseph
  8160 | D:7      | 8160 ||| Stepping ~*~*~tactically~*~*~ (hiding).
  8171 | D:7      | Killed Joseph
  8182 | D:7      | 8182 ||| INVOKING Berserk.
  8195 | D:7      | 8195 ||| Stepping ~*~*~tactically~*~*~ (stealth).
  8270 | D:7      | 8270 ||| FLEEEEING.
  8271 | D:7      | 8271 ||| FLEEEEING.
  8272 | D:7      | 8272 ||| FLEEEEING.
  8273 | D:7      | 8273 ||| STAIRDANCE
  8444 | D:7      | 8444 ||| Stepping ~*~*~tactically~*~*~ (hiding).
  8445 | D:7      | 8445 ||| Stepping ~*~*~tactically~*~*~ (stealth).
  8446 | D:7      | 8446 ||| Stepping ~*~*~tactically~*~*~ (stealth).
  8447 | D:7      | 8447 ||| Stepping ~*~*~tactically~*~*~ (hiding).
  8481 | D:7      | 8481 ||| Stepping ~*~*~tactically~*~*~ (stealth).
  8491 | D:7      | 8491 ||| Stepping ~*~*~tactically~*~*~ (stealth).
  8545 | D:7      | Noticed Maggie
  8560 | D:7      | Killed Maggie
  8711 | D:7      | 8711 ||| Stepping ~*~*~tactically~*~*~ (stealth).
  8862 | D:7      | 8862 ||| Stepping ~*~*~tactically~*~*~ (stealth).
  8957 | D:7      | 8957 ||| Stepping ~*~*~tactically~*~*~ (stealth).
  8959 | D:7      | Reached skill level 3 in Dodging
  9066 | D:7      | 9066 ||| READING scroll labelled TIXURO ZIJUDANENT.
  9067 | D:7      | 9067 ||| READING scroll labelled XOSULE PAINYR.
  9068 | D:7      | 9068 ||| READING 5 scrolls of identify.
  9068 | D:7      | 9068 ||| IDENTIFYING bubbling brown potion
  9069 | D:7      | 9069 ||| DROPPING potion of berserk rage.
  9093 | D:8      | 9093 ||| READING scroll of enchant armour.
  9093 | D:8      | 9093 ||| ENCHANTING +0 pair of gloves.
  9105 | D:8      | 9105 ||| INVOKING Berserk.
  9269 | D:8      | 9269 ||| Stepping ~*~*~tactically~*~*~ (stealth).
  9272 | D:8      | 9272 ||| Stepping ~*~*~tactically~*~*~ (stealth).
  9338 | D:8      | Found an ancient bone altar of Kikubaaqudgha.
  9358 | D:8      | 9358 ||| Stepping ~*~*~tactically~*~*~ (hiding).
  9359 | D:8      | 9359 ||| Stepping ~*~*~tactically~*~*~ (hiding).
  9362 | D:8      | 9362 ||| INVOKING Berserk.
  9411 | D:8      | 9411 ||| Stepping ~*~*~tactically~*~*~ (stealth).
  9425 | D:8      | 9425 ||| Stepping ~*~*~tactically~*~*~ (stealth).
  9457 | D:8      | 9457 ||| INVOKING Berserk.
  9462 | D:8      | Reached skill level 9 in Fighting
  9520 | D:8      | 9520 ||| Stepping ~*~*~tactically~*~*~ (hiding).
  9521 | D:8      | 9521 ||| Stepping ~*~*~tactically~*~*~ (hiding).
  9522 | D:8      | 9522 ||| Stepping ~*~*~tactically~*~*~ (hiding).
  9525 | D:8      | 9525 ||| INVOKING Berserk.
  9683 | D:8      | 9683 ||| Stepping ~*~*~tactically~*~*~ (stealth).
  9735 | D:8      | Found a glowing silver altar of Zin.
  9735 | D:8      | Noticed an angel
  9736 | D:8      | Found a shimmering altar of Xom.
  9799 | D:8      | 9799 ||| Stepping ~*~*~tactically~*~*~ (stealth).
  9881 | D:8      | 9881 ||| Stepping ~*~*~tactically~*~*~ (stealth).
  9885 | D:8      | Reached skill level 6 in Armour
 10074 | D:8      | 10074 ||| Stepping ~*~*~tactically~*~*~ (hiding).
 10143 | D:8      | 10143 ||| Stepping ~*~*~tactically~*~*~ (hiding).
 10144 | D:8      | 10144 ||| Stepping ~*~*~tactically~*~*~ (hiding).
 10148 | D:8      | 10148 ||| INVOKING Berserk.
 10332 | D:8      | Found a staircase to the Lair.
 10622 | D:8      | 10622 ||| PLANNING LAIR
 10622 | D:8      | 10622 ||| UPGRADING to ring of see invisible.
 10623 | D:8      | 10623 ||| DROPPING ring of magical power.
 10716 | Lair:1   | Entered Level 1 of the Lair of Beasts
 10743 | Lair:1   | Noticed a cane toad
 10745 | Lair:1   | 10745 ||| INVOKING Berserk.
 10751 | Lair:1   | Killed a cane toad
 10752 | Lair:1   | Reached XP level 11. HP: 99/99 MP: 10/10
 10902 | Lair:1   | 10902 ||| Stepping ~*~*~tactically~*~*~ (stealth).
 10904 | Lair:1   | 10904 ||| INVOKING Berserk.
 11251 | Lair:1   | Reached skill level 18 in Axes
 11310 | Lair:1   | Noticed Grum
 11311 | Lair:1   | 11311 ||| INVOKING Berserk.
 11321 | Lair:1   | Killed Grum
 11671 | Lair:1   | 11671 ||| UPGRADING to +0 kite shield.
 11693 | Lair:2   | 11693 ||| Stepping ~*~*~tactically~*~*~ (hiding).
 11694 | Lair:2   | 11694 ||| Stepping ~*~*~tactically~*~*~ (hiding).
 11696 | Lair:2   | 11696 ||| INVOKING Berserk.
 11702 | Lair:2   | Reached skill level 3 in Shields
 11833 | Lair:2   | 11833 ||| FLEEEEING.
 11840 | Lair:2   | 11840 ||| STAIRDANCE
 11907 | Lair:2   | 11907 ||| INVOKING Berserk.
 12075 | Lair:2   | 12075 ||| Stepping ~*~*~tactically~*~*~ (stealth).
 12077 | Lair:2   | 12077 ||| Stepping ~*~*~tactically~*~*~ (stealth).
 12141 | Lair:2   | 12141 ||| INVOKING Berserk.
 12149 | Lair:2   | 12149 ||| Stepping ~*~*~tactically~*~*~ (stealth).
 12308 | Lair:2   | 12308 ||| Stepping ~*~*~tactically~*~*~ (stealth).
 12309 | Lair:2   | 12309 ||| Stepping ~*~*~tactically~*~*~ (stealth).
 12325 | Lair:2   | 12325 ||| Stepping ~*~*~tactically~*~*~ (stealth).
 12414 | Lair:2   | Found a staircase to the Shoals.
 12422 | Lair:2   | Reached skill level 6 in Shields
 12624 | Lair:2   | 12624 ||| Stepping ~*~*~tactically~*~*~ (stealth).
 12628 | Lair:2   | 12628 ||| INVOKING Berserk.
 12743 | Lair:2   | 12743 ||| INVOKING Berserk.
 12916 | Lair:2   | 12916 ||| INVOKING Berserk.
 13188 | Lair:2   | Found a shimmering altar of Xom.
 13198 | Lair:2   | 13198 ||| INVOKING Berserk.
 13500 | Lair:2   | 13500 ||| UPGRADING to +2 hat.
 13505 | Lair:2   | 13505 ||| READING scroll labelled FON TOEMUQUI.
 13506 | Lair:2   | 13506 ||| READING scroll labelled FUOFUMM VAUCI.
 13608 | Lair:3   | 13608 ||| Stepping ~*~*~tactically~*~*~ (stealth).
 13609 | Lair:3   | 13609 ||| INVOKING Berserk.
 13746 | Lair:3   | 13746 ||| INVOKING Berserk.
 13918 | Lair:3   | 13918 ||| Stepping ~*~*~tactically~*~*~ (stealth).
 13919 | Lair:3   | 13919 ||| Stepping ~*~*~tactically~*~*~ (stealth).
 13922 | Lair:3   | 13922 ||| INVOKING Berserk.
 13925 | Lair:3   | Reached skill level 9 in Shields
 14093 | Lair:3   | Reached XP level 12. HP: 96/106 MP: 11/11
 14144 | Lair:3   | Found a hole to the Spider Nest.
 14162 | Lair:3   | 14162 ||| INVOKING Berserk.
 14592 | Lair:3   | 14592 ||| INVOKING Berserk.
 14825 | Lair:3   | 14825 ||| Stepping ~*~*~tactically~*~*~ (stealth).
 14826 | Lair:3   | 14826 ||| Stepping ~*~*~tactically~*~*~ (stealth).
 14827 | Lair:3   | 14827 ||| Stepping ~*~*~tactically~*~*~ (stealth).
 14828 | Lair:3   | 14828 ||| Stepping ~*~*~tactically~*~*~ (stealth).
 14829 | Lair:3   | 14829 ||| Stepping ~*~*~tactically~*~*~ (stealth).
 15155 | Lair:3   | 15155 ||| UPGRADING to +2 pair of boots.
 15160 | Lair:3   | 15160 ||| DROPPING +2 scale mail of positive energy.
 15209 | Lair:4   | 15209 ||| STAIRDANCE
 15214 | Lair:4   | 15214 ||| STAIRDANCE
 15256 | Lair:4   | 15256 ||| STAIRDANCE
 15369 | Lair:4   | 15369 ||| Stepping ~*~*~tactically~*~*~ (stealth).
 15436 | Lair:4   | You fall into a shaft and drop 1 floor!
 15436 | Lair:5   | Entered Level 5 of the Lair of Beasts
 15455 | Lair:5   | 15455 ||| Stepping ~*~*~tactically~*~*~ (stealth).
 15457 | Lair:5   | 15457 ||| INVOKING Berserk.
 15463 | Lair:5   | Reached skill level 12 in Shields
 15484 | Lair:5   | 15484 ||| DRINKING 8 potions of curing.
 15484 | Lair:5   | 15484 ||| (to cure bad poison)
 15485 | Lair:5   | HP: 23/110 [wyvern (9)]
 15486 | Lair:5   | 15486 ||| READING 2 scrolls of teleportation.
 15486 | Lair:5   | HP: 10/110 [wolf spider (9)]
 15487 | Lair:5   | 15487 ||| DRINKING 2 potions of heal wounds.
 15489 | Lair:5   | 15489 ||| DRINKING potion of heal wounds.
 15491 | Lair:5   | 15491 ||| READING scroll of teleportation.
 15491 | Lair:5   | HP: 10/110 [cane toad (11)]
 15492 | Lair:5   | HP: 2/110 [cane toad (3)]
 15492 | Lair:5   | Killed from afar by an electric eel

Levels and vault maps discovered:
D:1:      lordsloth_arrival_two_stooges, layout_basic
D:2:      layout_basic, hellmonk_ecumenical_altar_leap_of_faith,
          kennysheep_minor_cross
D:3:      layout_loops_cross, mainiacjoe_overflow_brackets, uniq_ijyb
D:4:      layout_basic, mainiacjoe_overflow_cross_hatched,
          minmay_temple_entry_slanted, uniq_duvessa
D:5:      nicolae_cairo_tiling_large, layout_cave_pools,
          nicolae_tso_besieged_by_evil, portal_sewer_entry_a
D:6:      layout_rooms, kennysheep_little_box,
          mainiacjoe_overflow_six_doors_small, uniq_edmund
D:7:      layout_rooms, uniq_joseph, uniq_maggie
D:8:      minmay_spotlight, layout_basic,
          grunt_temple_overflow_order_and_chaos_1, tgw_kikubaaqudgha,
          david_lair_shrubbed
Lair:1:   layout_roguey, grunt_forest_small_clearings, lemuel_fruit_tree,
          uniq_grum
Lair:2:   layout_gridlike, minmay_shoals_entry_centaurs, basic_altar,
          gammafunk_lair_bear_cave, grunt_megastairs_5
Lair:3:   layout_gridlike, hellmonk_spider_entry_life_and_decay
Lair:4:   layout_cave_shapes, serial_bayou_shore_a, uniq_sonja, uniq_josephine
Lair:5:   hangedman_lair_tendril_chambers, layout_loops_ring, wormcave,
          minmay_slime_entry_oklob_open, gammafunk_ghost_hive, disabler_island

Skill      XL: |  1  2  3  4  5  6  7  8  9 10 11 12 |
---------------+-------------------------------------+-----
Axes           | 4 5 6 8 9 10 12 17 18 | 18.0
Fighting       | 4 5 6 7 10 11 | 11.0
Armour         | 3 4 6 7 8 |  8.7
Throwing       | 3 |  3.3
Dodging        | 3 4 |  4.0
Shields        | 9 12 | 12.1

Action                   |  1- 3 |  4- 6 |  7- 9 | 10-12 || total
-------------------------+-------+-------+-------+-------++-------
Melee: Hand axe          |    74 |     2 |       |       ||    76
       Headbutt          |     9 |     8 |    18 |    65 ||   100
       Broad axe         |       |   119 |   153 |   408 ||   680
       Punch             |       |     1 |     5 |     1 ||     7
       Unarmed           |       |       |    15 |       ||    15
Throw: Boomerang         |       |    23 |    37 |    93 ||   153
Invok: Berserk           |     2 |     4 |     6 |    22 ||    34
       Trog's Hand       |       |       |     1 |       ||     1
  Use: Scroll            |     2 |     4 |     4 |     9 ||    19
       Potion            |     1 |     4 |     8 |     3 ||    16
Armor: Animal skin       |    11 |     3 |       |       ||    14
       Ring mail         |       |    11 |       |       ||    11
       Chain mail        |       |    37 |    79 |   162 ||   278
       Skin              |       |       |     2 |       ||     2
Dodge: Dodged            |    42 |    52 |    70 |   123 ||   287
Block: Kite shield       |       |       |       |   106 ||   106

Table legend:
 A = Non-vault XP
 B = Vault XP
 C = Vault XP percentage of total XP
 D = Non-vault monster count
 E = Vault monster count
 F = Vault count percentage of total count
                 A         B        C        D         E       F
            +---------+---------+-------+---------+---------+-------
      Total |   20129 |    7697 |  27.7 |     235 |      90 |  27.7
            +---------+---------+-------+---------+---------+-------
        D:1 |      36 |       0 |   0.0 |      25 |       0 |   0.0
        D:2 |      45 |       0 |   0.0 |      18 |       0 |   0.0
        D:3 |     115 |      35 |  23.3 |      22 |       1 |   4.3
        D:4 |     353 |     204 |  36.6 |      20 |       2 |   9.1
        D:5 |     476 |      95 |  16.6 |      12 |      21 |  63.6
        D:6 |    1010 |     166 |  14.1 |      14 |       1 |   6.7
        D:7 |    1394 |     829 |  37.3 |      33 |       2 |   5.7
        D:8 |    1473 |     878 |  37.3 |      28 |       4 |  12.5
     Lair:1 |    1899 |     655 |  25.6 |      11 |       5 |  31.2
     Lair:2 |    3380 |    1777 |  34.5 |      14 |      16 |  53.3
     Lair:3 |    7263 |     860 |  10.6 |      26 |       4 |  13.3
     Lair:4 |    2313 |       0 |   0.0 |      11 |       0 |   0.0
     Lair:5 |     372 |    1568 |  80.8 |       1 |       6 |  85.7
      Sewer |       0 |     630 | 100.0 |       0 |      28 | 100.0
            +---------+---------+-------+---------+---------+-------
